 Dungeon Crawl Stone Soup version 0.17.0-7-gfadd4cc (console) character file.

1510 gw the Cudgeler (level 8, -3/73 HPs)
             Began as a Deep Dwarf Fighter on Nov 9, 2015.
             Slain by an orc warrior
             ... wielding a +0 halberd
              (6 damage)
             ... on level 7 of the Dungeon.
             The game lasted 00:07:39 (5074 turns).

gw the Cudgeler (Deep Dwarf Fighter)                Turns: 5074, Time: 00:07:39

Health: -3/73      AC: 15    Str: 20    XL:     8   Next: 53%
Magic:  0/0        EV:  4    Int:  9    God:
Gold:   223        SH: 10    Dex: 14    Spells: 0 memorised, 7 levels left

rFire  . . .     SeeInvis .     a - +0 flail
rCold  . . .     Clarity  .     h - +0 plate armour
rNeg   . . .     SustAt   .     c - +0 shield
rPois  .         Gourm    .     b - +0 helmet
rElec  .         Spirit   .     (no cloak)
rCorr  .         Warding  .     j - +0 pair of gloves
rMut   .         Stasis   .     (no boots)
MR     +....                    (no amulet)
Stlth  ..........               (no ring)
                                (no ring)

@: non-regenerating, somewhat resistant to hostile enchantments, extremely
unstealthy
A: damage resistance, recharge devices, sense surroundings 1, slow regeneration
3
a: Device Recharging


You were on level 7 of the Dungeon.
You were very hungry.

You visited 1 branch of the dungeon, and saw 7 of its levels.

You collected 223 gold pieces.

Inventory:

Hand Weapons
 a - a +0 flail (weapon)
Missiles
 d - 34 poisoned needles
 g - 18 stones (quivered)
 i - 2 curare-tipped needles
Armour
 b - a +0 helmet (worn)
 c - a +0 shield (worn)
 h - a +0 plate armour (worn)
 j - a +0 pair of gloves (worn)
Wands
 e - a wand of heal wounds (0)
Comestibles
 f - 2 bread rations


   Skills:
 + Level 4.4 Fighting
 * Level 6.4 Maces & Flails
 + Level 3.8 Throwing
 + Level 6.0 Armour
 + Level 5.8 Shields


You had 7 spell levels left.
You didn't know any spells.

Dungeon Overview and Level Annotations

Branches:
Dungeon (7/15)
 Temple: D:4-7

Altars:
Gozag
Nemelex Xobeh
Okawaru
Qazlal
Ru

Shops:
D:6 =*(


Innate Abilities, Weirdness & Mutations

You are resistant to damage.
You can recharge devices by infusing magical energy.
You passively map a small area around you.
You do not regenerate naturally.


Message History

You block the orc warrior's attack.
Unknown command.
Unknown command.
Unknown command.
ATTACK MOVE TO (1,0)
The orc warrior hits you but does no damage.
Things that are here:
a flail; a dagger; a leather armour Unknown command.
Unknown command.
Unknown command.
Unknown command.
MOVING TO (-1,0)
The orc warrior hits you but does no damage.
Unknown command.
Unknown command.
Unknown command.
ATTACK MOVE TO (1,0)
The orc warrior hits you with a halberd!
You die...

, ,,
.......)..... ,
............, *
, ........... +
.........., * ,
......., ,
,.... , ,
*,#.##+####,*
** *,
,#.goo..<# ** *
* ####(#### , ,
*...........o.#
*.###......((.#
* #......##.#*
, * #......#* #
#......# * ,
######## , *, ,
, ,


You could see an orc warrior and an orc.

Table legend:
 A = Turns spent in this place as a percentage of turns spent in the entire game.
 B = Non-inter-level travel turns spent in this place as a percentage of non-inter-level travel turns spent in the entire game.
 C = Inter-level travel turns spent in this place as a percentage of turns spent in this place.
 D = Turns resting spent in this place as a percentage of non-inter-level travel turns spent in this place.
 E = Turns spent auto-exploring this place as a percentage of non-inter-level travel turns spent in this place.
 F = Non-inter-level travel turns spent in this place divided by the number of levels of this place that you've seen.
                   A       B       C       D       E      F
               +-------+-------+-------+-------+-------+----------------------
         Total | 100.0 | 100.0 |   0.4 |   0.0 |   2.0 | 1613.4
       Dungeon | 100.0 | 100.0 |   0.4 |   0.0 |   2.0 | 1613.4
               +-------+-------+-------+-------+-------+----------------------

Table legend:
 A = Kills in this place as a percentage of kills in entire the game.
 B = Kills by you in this place as a percentage of kills by you in the entire game.
 C = Kills by friends in this place as a percentage of kills by friends in the entire game.
 D = Other kills in this place as a percentage of other kills in the entire game.
 E = Experience gained in this place as a percentage of experience gained in the entire game.
 F = Experience gained in this place divided by the number of levels of this place that you have seen.
                   A       B       C       D       E      F
               +-------+-------+-------+-------+-------+----------------------
         Total | 100.0 | 100.0 |  -nan | 100.0 | 100.0 | 308.3
       Dungeon | 100.0 | 100.0 |  -nan | 100.0 | 100.0 | 308.3
               +-------+-------+-------+-------+-------+----------------------

Vanquished Creatures
  Sigmund (D:6)
  Edmund (D:6)
  An orc warrior (D:6)
  3 ogres
  A centaur (D:6)
  Blork the orc (D:6)
  A giant frog (D:6)
  4 orc priests
  A crimson imp (D:7)
  A quasit (D:6)
  A jelly (D:6)
  4 hounds (D:4)
  2 orc wizards
  2 worker ants (D:4)
  Robin (D:3)
  6 gnolls
  4 adders
  An ooze (D:1)
  2 adder skeletons
  An adder zombie (D:7)
  A worm (D:4)
  5 giant geckos
  11 orcs
  9 bats
  2 giant cockroaches (D:3)
  13 goblins
  13 hobgoblins
  A quokka (D:4)
  8 giant newts
  8 jackals
  12 kobolds
  8 rats
130 creatures vanquished.

Vanquished Creatures (others)
  An orc wizard (D:3)
1 creature vanquished.

Grand Total: 131 creatures vanquished

Notes
Turn   | Place    | Note
--------------------------------------------------------------
     0 | D:1      | gw the Deep Dwarf Fighter began the quest for the Orb.
     0 | D:1      | Reached XP level 1. HP: 20/20 MP: 1/1
   129 | D:1      | Reached XP level 2. HP: 25/27 MP: 2/2
   781 | D:1      | Reached XP level 3. HP: 28/33 MP: 3/3
  1133 | D:2      | Found a sacrificial altar of Ru.
  1247 | D:2      | Reached skill level 1 in Throwing
  1279 | D:2      | Reached XP level 4. HP: 29/42 MP: 4/4
  1733 | D:2      | Reached skill level 4 in Armour
  2016 | D:3      | Reached XP level 5. HP: 26/49 MP: 5/5
  2306 | D:3      | Found a stormy altar of Qazlal.
  2435 | D:3      | Noticed Robin
  2465 | D:3      | Killed Robin
  2871 | D:4      | Reached XP level 6. HP: 28/56 MP: 5/5
  3064 | D:4      | Noticed an ogre
  3073 | D:4      | Killed an ogre
  3282 | D:4      | Reached XP level 7. HP: 33/63 MP: 5/5
  3335 | D:4      | Noticed an ogre
  3348 | D:4      | Killed an ogre
  3540 | D:4      | Reached skill level 5 in Armour
  3939 | D:4      | Found an iron altar of Okawaru.
  3988 | D:5      | Entered Level 5 of the Dungeon
  4003 | D:5      | You fall through a shaft!
  4022 | D:6      | Reached skill level 5 in Maces & Flails
  4022 | D:6      | Reached skill level 5 in Shields
  4067 | D:6      | Found Xyagruygywk's Weapon Shoppe.
  4189 | D:6      | Noticed Edmund
  4224 | D:6      | Killed Edmund
  4289 | D:6      | Found Fimuc's General Store.
  4289 | D:6      | Noticed Sigmund
  4333 | D:6      | Killed Sigmund
  4333 | D:6      | Reached XP level 8. HP: 41/72 MP: 4/4
  4533 | D:6      | Noticed Blork the orc
  4547 | D:6      | Killed Blork the orc
  4547 | D:6      | Reached skill level 6 in Maces & Flails
  4575 | D:6      | Found an opulent altar of Gozag.
  4576 | D:6      | Found a sparkling altar of Nemelex Xobeh.
  4823 | D:6      | Found Dapluesm's Jewellery Shop.
  5068 | D:7      | HP: 3/73 [orc warrior/halberd (5)]
  5074 | D:7      | Slain by an orc warrior

Action                   |  1- 3 |  4- 6 |  7- 9 || total
-------------------------+-------+-------+-------++-------
Melee: Flail             |   156 |   320 |   211 ||   687
Throw: Stone             |    50 |    67 |    70 ||   187
 Abil: Device Recharging |       |     2 |     6 ||     8
Evoke: Wand              |     3 |     8 |    28 ||    39
  Use: Potion            |     1 |       |       ||     1
  Eat: Chunk             |     1 |     8 |     5 ||    14

Vault maps used:
D:1:      dpeg_arrival_solitude
D:2:      nicolae_ru_path_of_blood, minmay_distorted
D:3:      grunt_qazlal_clouds, uniq_robin
D:4:      lemuel_coloured_pillars_altar
D:5:      lemuel_round_altar, overflow_temple_1_default,
          minmay_temple_entry_junction2, first_bread, serial_shops,
          kennysheep_mini_moat, minmay_crossroads
D:6:      grunt_temple_overflow_opulence, serial_shops, shop,
          nicolae_shop_trees, shop, serial_bayou_crossing, uniq_edmund,
          uniq_sigmund, uniq_blork_the_orc
D:7:      serial_shops, shop, grunt_livestock, st_stairs_7,
          kennysheep_generic_room_4, uniq_prince_ribbit1, uniq_joseph
